 Dungeon Crawl Stone Soup version 0.17-a0-2098-gf59d6bc (webtiles) character file.

98 derrpe the Conjurer (level 4, -3/27 HPs)
             Began as an Octopode Wizard on Oct 17, 2015.
             Slain by a goblin
             ... wielding a +0 dagger
             ... led by Robin
              (4 damage)
             ... on level 1 of the Dungeon.
             The game lasted 00:05:46 (2542 turns).

derrpe the Conjurer (Octopode Wizard)               Turns: 2542, Time: 00:05:46

Health: -3/27      AC:  1    Str:  6    XL:     4   Next: 71%
Magic:  2/8        EV: 12    Int: 21    God:
Gold:   140        SH:  0    Dex: 10    Spells: 4 memorised, 1 level left

rFire  . . .     SeeInvis .     d - +0 dagger
rCold  . . .     Clarity  .     (no shield)
rNeg   . . .     SustAt   .     a - +0 hat
rPois  .         Gourm    .     r - amulet of resist mutation
rElec  .         Spirit   .     (no ring)
rCorr  .         Warding  .     (no ring)
rMut   +         Stasis   .     (no ring)
MR     .....                    (no ring)
Stlth  +++.......               (no ring)
                                (no ring)
                                (no ring)
                                (no ring)

@: repel missiles, not resistant to hostile enchantments, fairly stealthy
A: almost no armour, amphibious, 8 rings, constrict 8, camouflage 1, gelatinous
body 1
a: no special abilities


You were on level 1 of the Dungeon.
You were very hungry.

You visited 1 branch of the dungeon, and saw 2 of its levels.

You collected 140 gold pieces.

Inventory:

Hand Weapons
 d - a +0 dagger (weapon)
Missiles
 e - 169 stones (quivered)
 k - 5 needles of slowing
 l - 19 bolts
 o - 31 sling bullets
 A - a throwing net {=f}
Armour
 a - a +0 hat (worn)
Jewellery
 r - an amulet of resist mutation (around mantle)
 t - an uncursed amulet of stasis {unknown}
Scrolls
 j - a scroll of amnesia {unknown}
 m - a scroll of remove curse {unknown}
 n - a scroll of noise {unknown}
 p - 2 scrolls of identify {unknown}
 q - a scroll of blinking {unknown}
 u - a scroll of fog {unknown}
 v - a scroll of enchant weapon {unknown}
 y - a scroll of teleportation {unknown}
Potions
 f - a potion of flight
 h - a potion of haste {unknown}
 i - a potion of heal wounds {unknown}
 w - a potion of might {unknown}
 x - a potion of curing {unknown}
 z - 2 potions of cancellation {unknown}
Books
 b - a book of Minor Magic

   Spells                             Type                      Level
   a - Magic Dart                     Conjuration                  1
   b - Blink                          Translocation                2
   c - Call Imp                       Summoning                    2
   d - Repel Missiles                 Charms/Air                   2
   e - Slow                           Hexes                        2
   f - Conjure Flame                  Conjuration/Fire             3
   g - Mephitic Cloud                 Conjuration/Poison/Air       3
Comestibles
 g - 2 meat rations {@e2}
 s - a slice of pizza
 B - a beef jerky


   Skills:
 - Level 2.0 Dodging
 - Level 2.6 Stealth
 + Level 3.0 Spellcasting
 + Level 3.4 Conjurations
   Level 1.0 Summonings
 - Level 1.0 Translocations
 * Level 1.4 Air Magic
 * Level 2.0 Poison Magic


You had one spell level left.
You knew the following spells:

 Your Spells              Type           Power        Failure   Level  Hunger
a - Magic Dart            Conj           ###.         3%          1    None
b - Blink                 Tloc           N/A          14%         2    ##.....
c - Repel Missiles        Chrm/Air       #.....       17%         2    ##.....
d - Mephitic Cloud        Conj/Pois/Air  ##......     17%         3    ###....


Dungeon Overview and Level Annotations

Branches:
Dungeon (2/15)

Altars:

Annotations:
D:2 Robin


Innate Abilities, Weirdness & Mutations

You cannot wear most types of armour.
You are amphibious.
You can wear up to eight rings at the same time.
You can use your tentacles to constrict eight enemies at once.
Your skin changes colour to match your surroundings (Stealth).
Your rubbery body absorbs attacks (AC +1).


Message History

You are starting to lose your buoyancy.
Things that are here:
a chain mail; a morningstar You float gracefully downwards.
There is a stone staircase leading up here.
The goblin hits you with a dagger.
* * * LOW HITPOINT WARNING * * *
The goblin hits you with a dagger.
* * * LOW HITPOINT WARNING * * *
You climb upwards.
There is a stone staircase leading down here.
Casting: Mephitic Cloud
Confirm with . or Enter, or press ? or * to list all spells.
Aiming: Mephitic Cloud
Press: ? - help, Shift-Dir - straight line That beam is likely to hit you.
Continue anyway?
The ball explodes into a vile cloud!
The stinking cloud engulfs you!
The stinking cloud engulfs the goblin. x2
The goblin hits you with a dagger.
You die...

#....# ##........## ##.##.
#....# ###......# #..###
#....# #.....#..####.##..
#....####.....#........#.#
#......##.....#..........#
######.#....>.#........###
##......§................
##..##...g§§).#........###
##......).@g####.........>.
#...#####...............###
##### ##.............##
##..........#.#
#.)...###....####
##.######......... #..#
#......... #### #.......).
#.........


You could see 2 goblins.

Vanquished Creatures
  Terence (D:2)
  An ooze (D:1)
  A worm (D:2)
  2 giant geckos (D:1)
  3 ball pythons
  8 bats
  A giant cockroach (D:1)
  14 goblins
  6 hobgoblins
  A quokka (D:2)
  5 giant newts
  10 kobolds
  12 rats
65 creatures vanquished.

Notes
Turn   | Place    | Note
--------------------------------------------------------------
     0 | D:1      | derrpe the Octopode Wizard began the quest for the Orb.
     0 | D:1      | Reached XP level 1. HP: 11/11 MP: 4/4
   140 | D:1      | Reached XP level 2. HP: 9/17 MP: 0/6
   709 | D:1      | Reached XP level 3. HP: 21/21 MP: 2/7
  1070 | D:1      | Learned a level 2 spell: Blink
  1073 | D:1      | Learned a level 2 spell: Repel Missiles
  1077 | D:1      | Learned a level 3 spell: Mephitic Cloud
  1127 | D:2      | HP: 1/21 [bat (1)]
  1464 | D:2      | Noticed Terence
  1728 | D:2      | Reached skill level 1 in Air Magic
  1861 | D:2      | Killed Terence
  1861 | D:2      | Reached skill level 1 in Poison Magic
  1861 | D:2      | Reached XP level 4. HP: 27/27 MP: 1/8
  2229 | D:2      | Noticed Robin
  2537 | D:2      | HP: 1/27 [goblin/dagger[Robin] (4)]
  2542 | D:1      | Slain by a goblin

Vault maps used:
D:1:      dpeg_arrival_ratfight
D:2:      first_bread, st_stairs_11, grunt_ministairs_7, uniq_robin,
          uniq_jessica, uniq_terence

Action                   |  1- 3 |  4- 6 || total
-------------------------+-------+-------++-------
Melee: Club              |     6 |       ||     6
       Unarmed           |     3 |       ||     3
       Dagger            |    25 |    22 ||    47
Throw: Stone             |     3 |     1 ||     4
 Cast: Magic Dart        |   101 |    24 ||   125
       Mephitic Cloud    |     1 |     5 ||     6
       Repel Missiles    |     1 |       ||     1
  Use: Potion            |       |     1 ||     1
  Eat: Bread ration      |     1 |       ||     1
